 Dungeon Crawl Stone Soup version 0.28-a0-1235-g7c8fac35f0 (webtiles) character file.

Game seed: 13844108788306730398

126 MacCMillion the Ruffian (level 4, 35/45 HPs)
             Began as a Troll Monk on Dec 25, 2021.
             Quit the game on level 3 of the Dungeon.
             The game lasted 00:04:48 (1507 turns).

MacCMillion the Ruffian (Troll Monk)                Turns: 1507, Time: 00:04:49

Health: 35/45      AC:  4    Str: 21    XL:     4   Next: 84%
Magic:  3/3        EV: 10    Int:  6    God:
Gold:   24         SH:  0    Dex: 12    Spells: 3/3 levels left

rFire   . . .      SeeInvis .     - Unarmed
rCold   . . .      Faith    .   (no shield)
rNeg    . . .      Spirit   .   a - +0 robe
rPois   .          Reflect  .   (helmet restricted)
rElec   .          Harm     .   (no cloak)
rCorr   .          Rampage  .   (gloves unavailable)
Will    .....                   (boots unavailable)
Stlth   ++........              (no amulet)
HPRegen 0.95/turn               (no ring)
MPRegen 0.08/turn               (no ring)

@: no status effects
A: large, unfitting armour, claws 3, regeneration 1, shaggy fur 1, tough skin 1
a: no special abilities


You were on level 3 of the Dungeon.
You visited 1 branch of the dungeon, and saw 3 of its levels.

You collected 24 gold pieces.

Inventory:

Armour
 a - a +0 robe (worn)
Scrolls
 d - a scroll of acquirement {unknown}
 e - a scroll of enchant armour {unknown}
 f - a scroll of identify {unknown}
 g - a scroll of vulnerability {unknown}
 i - a scroll of amnesia {unknown}
Potions
 b - a potion of invisibility {unknown}
 c - a potion of curing {unknown}
 h - 2 potions of lignification {unknown}


   Skills:
 + Level 3.1 Fighting
 - Level 3.1 Dodging
 - Level 1.7 Stealth
 * Level 3.8 Unarmed Combat


You had 3 spell levels left.
You didn't know any spells.
Your spell library was empty.

Dungeon Overview and Level Annotations

Branches:
Dungeon (3/15)

Altars:

Shops:
D:2 (


Innate Abilities, Weirdness & Mutations

You are too large for most types of armour.
You have claws for hands.
Your natural rate of healing is unusually fast.
You are covered in fur. (AC +1)
You have tough skin. (AC +1)


Message History

No target in view!
No target in view!
Done exploring.
There is a stone staircase leading down here.
You climb downwards.
There is a stone staircase leading up here.
An orc comes into view. It is wielding a +0 club.
An orc is nearby!
A scorpion comes into view.
The orc closely misses you.
You scratch the orc but do no damage. You claw the orc!
You kill the orc!
You see here a +0 club.
You scratch the scorpion.
The scorpion is lightly wounded.
The scorpion closely misses you.
You scratch the scorpion but do no damage.
The scorpion is lightly wounded.
The scorpion stings you.
You scratch the scorpion.
The scorpion is heavily wounded.
The scorpion barely misses you.
You scratch the scorpion.
The scorpion is severely wounded.
The scorpion stings you. The scorpion misses you.
You barely miss the scorpion. Your claw misses the scorpion.
The scorpion is severely wounded.
The scorpion barely misses you.
You barely miss the scorpion.
The scorpion is severely wounded.
The scorpion stings you.
You claw the scorpion!
You kill the scorpion!
Your Fighting skill increases to level 3!
Your Dodging skill increases to level 3!
You have reached level 4!
Welcome back, MacCMillion the Troll Monk.
Press ? for a list of commands and other information.
Are you sure you want to abandon this character and quit the game? (Confirm with "yes".)

.. ..# ..
.. .#.##
....#
#####...#
#<......#
#####...#
#...#
#@.?#
#)..#
#...#
#...#
#.....
###....
......
......
#####.


There were no monsters in sight!

Vanquished Creatures
  A scorpion (D:3)
  Jessica (D:2)
  An adder (D:2)
  An orc (D:3)
  2 endoplasms (D:2)
  2 giant cockroaches (D:1)
  A goblin (D:1)
  3 hobgoblins
  2 quokkas
  3 ball pythons
  5 bats
  A frilled lizard (D:1)
  3 kobolds
  2 rats
28 creatures vanquished.

Notes
Turn   | Place    | Note
-------+----------+-------------------------------------------
     0 | D:1      | MacCMillion the Troll Monk began the quest for the Orb.
     0 | D:1      | Reached XP level 1. HP: 22/22 MP: 0/0
   189 | D:1      | Reached XP level 2. HP: 26/29 MP: 1/1
   946 | D:2      | Reached XP level 3. HP: 36/36 MP: 2/2
   952 | D:2      | Noticed Jessica
   963 | D:2      | Killed Jessica
   996 | D:2      | Found Goinuiw's Weapon Shop.
  1493 | D:3      | Noticed a scorpion
  1506 | D:3      | Killed a scorpion
  1507 | D:3      | Reached XP level 4. HP: 35/45 MP: 3/3
  1507 | D:3      | Quit the game

Illustrated notes

Levels and vault maps discovered:
D:1:      minmay_arrival_checkered_box, layout_basic
D:2:      layout_basic, serial_shops, nicolae_square_shop, minivault_24,
          uniq_jessica
D:3:      layout_basic

Skill      XL: |  1  2  3 |
---------------+----------+-----
Fighting       | 3 |  3.1
Dodging        | 3 |  3.1
Stealth        | |  1.7
Unarmed Combat | |  3.8

Action                   |  1- 3 |  4- 6 || total
-------------------------+-------+-------++-------
Melee: Unarmed           |    65 |       ||    65
       Punch             |     1 |       ||     1
 Stab: Sleeping          |     1 |       ||     1
Armor: Robe              |    26 |       ||    26
Dodge: Dodged            |    39 |       ||    39

Table legend: (Time is in decaauts)
 A = Elapsed time spent in this place.
 B = Non-inter-level travel time spent in this place.
 C = Inter-level travel time spent in this place.
 D = Time resting spent in this place.
 E = Time spent auto-exploring this place.
 F = Levels seen in this place.
 G = Mean time per level.
                   A        B        C        D        E       F      G
               +--------+--------+--------+--------+--------+-----+--------+
         Total |   1502 |   1466 |     36 |    215 |   1021 |   3 |  500.7 |
       Dungeon |   1502 |   1466 |     36 |    215 |   1021 |   3 |  500.7 |
               +--------+--------+--------+--------+--------+-----+--------+

Top non-repeatable levels by time:
     D:1: 861 daAuts
     D:2: 623 daAuts
     D:3: 17 daAuts
